 Dungeon Crawl Stone Soup version 0.30-a0-937-ga0a21ad780 (webtiles) character file.

Game seed: 3150435850751128906

92 Hades the Sneak (level 4, -1/33 HPs)
             Began as a Vampire Brigand on Mar 24, 2023.
             Succumbed to an orc's poison
             ... on level 3 of the Dungeon.
             The game lasted 00:11:17 (1844 turns).

Hades the Sneak (Vampire Brigand)                   Turns: 1844, Time: 00:11:18

Health: -1/33      AC:  9    Str: 10    XL:     4   Next: 35%
Magic:  6/6        EV:  4    Int: 13    God:
Gold:   51         SH:  0    Dex: 17    Spells: 6/6 levels left

rFire   . . .      SeeInvis +    a - +2 dagger
rCold   . . .      Faith    .    (no shield)
rNeg    . . .      Spirit   .    p - +0 chain mail
rPois   .          Reflect  .    (no helmet)
rElec   .          Rampage  .    c - +0 cloak
rCorr   .                        (no gloves)
Will    .....                    (no boots)
Stlth   +                        (no amulet)
HPRegen 0.45/turn                (no ring)
MPRegen 0.10/turn                (no ring)

@: lethally poisoned (-1 -> -16), about to teleport, healing quickly
A: alive, fangs 3, see invisible, vampiric 2
a: Exsanguinate


You were on level 3 of the Dungeon.
You visited 1 branch of the dungeon, and saw 3 of its levels.

You collected 79 gold pieces.
You spent 28 gold pieces at shops.

Inventory:

Hand Weapons
 a - a +2 dagger (weapon)
Missiles
 d - 12 poisoned darts (quivered)
 e - 6 curare-tipped darts
Armour
 b - a +0 robe
 c - a +0 cloak (worn)
 f - a +0 leather armour
 p - a +0 chain mail (worn)
Magical Staves
 k - a staff of fire
Scrolls
 l - a scroll of magic mapping {unknown}
 m - a scroll of vulnerability {unknown}
 n - a scroll of noise {unknown}
Potions
 g - a potion of degeneration
 i - a potion of heal wounds {unknown}
 j - a potion of mutation {unknown}
 o - a potion of might {unknown}


   Skills:
 + Level 2.0 Fighting
 + Level 2.4 Short Blades
 + Level 1.6 Throwing
 + Level 0.8 Armour
 + Level 1.4 Dodging
 + Level 6.7 Stealth
 * Level 1.6 Unarmed Combat
 * Level 1.6 Spellcasting


You had 6 spell levels left.
You didn't know any spells.
Your spell library was empty.

Dungeon Overview and Level Annotations

Branches:
Dungeon (3/15)

Altars:
Ru

Shops:
D:2 ?


Innate Abilities, Weirdness & Mutations

Your natural rate of healing is accelerated.
You have razor-sharp teeth.
You have supernaturally acute eyesight. (SInv)
You are afflicted with vampirism and can become a bat while bloodless.


Message History

You hit the orc but do no damage.
The orc is moderately wounded.
The orc hits you but does no damage. The orc wizard completely misses you.
You hit the orc.
The orc is heavily wounded.
The orc hits you but does no damage.
You hit the orc wizard. Your bite misses the orc wizard.
The orc wizard is lightly wounded.
You hit the orc wizard.
You bite the orc wizard, but do no damage.
The orc wizard is moderately wounded.
The orc wizard hits you but does no damage.
The orc hits you but does no damage.
You are poisoned.
The orc hits you but does no damage.
As you read the scroll of teleportation, it crumbles to dust.
You feel strangely unstable.
You feel sick.
The orc hits you with a +0 dagger of venom.
* * * LOW HITPOINT WARNING * * *
The orc wizard hits you but does no damage.
The orc hits you but does no damage.
Unknown command.
You hit the orc wizard but do no damage.
The orc wizard is moderately wounded.
You feel sick.
The orc wizard hits you but does no damage.
The orc hits you but does no damage.
You are lethally poisoned!
The orc hits you with a +0 dagger.
* * * LOW HITPOINT WARNING * * *
You hit the orc wizard. Your bite misses the orc wizard.
The orc wizard is heavily wounded.
* * * LOW HITPOINT WARNING * * *
You feel sick. The orc hits you but does no damage.
You are more poisoned.
The orc wizard hits you but does no damage.
The orc hits you but does no damage.
You hit the orc wizard.
The orc wizard is almost dead.
You die...

#. ). #.# #. #.#.
#. # #.#.# #. #.###
##.#.## #. ....##
##.#.##. #.
...###.#.###.
#.######.##...##...
#o@ooo))...#..#....
#o######......≈.≈..
#<. #...##≈.≈.≈.
.... #...###...#.
###.. #.(...#.≈.#.
##. #.#.###...#. #.
#.#.# #.≈.## #.
#.#.# #...# .....
#.≈.#


You could see an orc wizard and 4 orcs.

Vanquished Creatures
  An orc priest (D:3)
  2 adders (D:2)
  2 orcs (D:3)
  2 bats
  2 endoplasms
  A giant cockroach (D:2)
  3 goblins
  4 hobgoblins
  3 jackals (D:2)
  9 kobolds
  4 ball pythons (D:2)
  2 frilled lizards (D:1)
  6 rats
41 creatures vanquished.

Notes
Turn   | Place    | Note
-------+----------+-------------------------------------------
     0 | D:1      | Hades the Vampire Brigand began the quest for the Orb.
     0 | D:1      | Reached XP level 1. HP: 16/16 MP: 1/1
    11 | D:1      | Reached skill level 6 in Stealth
   316 | D:1      | Reached skill level 1 in Unarmed Combat
   316 | D:1      | Reached XP level 2. HP: 22/22 MP: 2/2
   894 | D:2      | Gained mutation: You are afflicted with vampirism and can
                  | become a bat while bloodless. [Vampire growth]
   894 | D:2      | Reached XP level 3. HP: 27/27 MP: 4/4
  1084 | D:2      | Reached skill level 1 in Spellcasting
  1316 | D:2      | Found Zacledgh's Magic Scroll Emporium.
  1330 | D:2      | Bought a scroll of identify for 28 gold pieces
  1769 | D:3      | Found a sacrificial altar of Ru.
  1825 | D:3      | Reached XP level 4. HP: 12/33 MP: 6/6
  1844 | D:3      | Succumbed to an orc's poison

Illustrated notes

Levels and vault maps discovered:
D:1:      dpeg_arrival_rhombi, layout_loops_ring
D:2:      layout_basic, serial_shops, nicolae_shop_behind_doors,
          minmay_misc_feat_square
D:3:      minmay_inner_zag, layout_loops_ring, nicolae_ru_path_of_blood,
          uniq_jessica

Skill      XL: |  1  2  3 |
---------------+----------+-----
Stealth        | 6 |  6.7
Unarmed Combat | 1 |  1.6
Spellcasting   | 1 |  1.6
Fighting       | 2 |  2.0
Short Blades   | |  2.4
Throwing       | |  1.6
Armour         | |  0.8
Dodging        | |  1.4

Action                     |  1- 3 |  4- 6 || total
---------------------------+-------+-------++-------
  Melee: Dagger            |   125 |    14 ||   139
         Bite              |     4 |     1 ||     5
         Punch             |     3 |       ||     3
    Use: Scroll            |     2 |     1 ||     3
   Stab: Sleeping          |     7 |       ||     7
 Armour: Leather armour    |    39 |       ||    39
         Chain mail        |    33 |    17 ||    50
  Dodge: Dodged            |    54 |     3 ||    57

Table legend: (Time is in decaauts)
 A = Elapsed time spent in this place.
 B = Non-inter-level travel time spent in this place.
 C = Inter-level travel time spent in this place.
 D = Time resting spent in this place.
 E = Time spent auto-exploring this place.
 F = Levels seen in this place.
 G = Mean time per level.
                   A        B        C        D        E       F      G
               +--------+--------+--------+--------+--------+-----+--------+
         Total |   1827 |   1718 |    109 |      0 |      0 |   3 |  609.0 |
       Dungeon |   1827 |   1718 |    109 |      0 |      0 |   3 |  609.0 |
               +--------+--------+--------+--------+--------+-----+--------+

Top non-repeatable levels by time:
     D:2: 892 daAuts
     D:1: 801 daAuts
     D:3: 133 daAuts
